 Dungeon Crawl Stone Soup version 0.31-a0-716-gc7603755dd (webtiles) character file.

Game seed: 316540471662160778

1313 soul19 the Fighter (level 8, 0/75 HPs)
             Began as a Minotaur Fighter on Sept 10, 2023.
             Slain by Edmund the swamp dragon (glowing shapeshifter) (1 damage)
             ... on level 6 of the Dungeon.
             The game lasted 00:04:18 (4073 turns).

soul19 the Fighter (Minotaur Fighter)               Turns: 4073, Time: 00:04:18

Health: 0/75       AC:  8    Str: 22    XL:     8   Next: 32%
Magic:  7/7        EV:  9    Int:  5    God:
Gold:   269        SH:  9    Dex: 17    Spells: 7/7 levels left

rFire   + . .        a - +0 war axe (chaos)
rCold   . . .        j - +0 kite shield
rNeg    . . .        s - +1 ring mail {rF+}
rPois   .            (helmet restricted)
rElec   .            (no cloak)
rCorr   .            i - +0 pair of gloves
SInv    .            (no boots)
Will    .....        (no amulet)
Stlth   +            h - +6 ring of dexterity
HPRegen 0.32/turn    (no ring)
MPRegen 0.10/turn

%: no passive effects
@: lethally poisoned (0 -> -21)
A: horns 2, retaliatory headbutt
a: no special abilities


You were on level 6 of the Dungeon.
You visited 1 branch of the dungeon, and saw 6 of its levels.

You collected 269 gold pieces.

Inventory:

Hand Weapons
 a - a +0 war axe of chaos (weapon)
Armour
 b - a +0 scale mail
 i - a +0 pair of gloves (worn)
 j - a +0 kite shield (worn)
 k - a +2 hat
 s - a +1 ring mail of fire resistance (worn)
Jewellery
 g - a +4 ring of protection
 h - a +6 ring of dexterity (left hand)
 u - a ring of flight
Wands
 c - a wand of polymorph (11)
Scrolls
 e - 3 scrolls of identify
Potions
 d - a potion of might
 f - a potion of berserk rage {unknown}
 l - a potion of degeneration {unknown}
 n - a potion of haste {unknown}
 p - 2 potions of cancellation
 r - 3 potions of resistance {unknown}
 t - 2 potions of brilliance {unknown}
 v - 2 potions of curing {unknown}


   Skills:
 * Level 8.6 Fighting
 * Level 8.0 Axes
 + Level 6.5 Armour
 - Level 3.6 Shields


You had 7 spell levels left.
You didn't know any spells.
Your spell library contained the following spells:

 Spells                   Type           Power      Damage    Failure   Level
 Cigotuvi's Dreadful Rot  Necr/Pois/Air  0%         N/A       96%         2
 Wereblood                Tmut           0%         N/A       96%         2
 Stone Arrow              Conj/Erth      0%         3d7       99%         3
 Summon Guardian Golem    Hex/Summ       0%         N/A       99%         3
 Animate Armour           Summ/Erth      0%         N/A       100%        4
 Dispel Undead            Necr           0%         3d6       100%        4
 Irradiate                Conj/Tmut      0%         3d11      100%        5
 Death Channel            Necr           0%         N/A       100%        6
 Orb of Destruction       Conj           0%         9d5       100%        7
 Spellforged Servitor     Conj/Summ      0%         N/A       100%        7
 Lehudib's Crystal Spear  Conj/Erth      0%         10d2      100%        8


Dungeon Overview and Level Annotations

Branches:
Dungeon (6/15)
 Temple: D:4-7

Altars:
Dithmenos
Makhleb
Xom
Zin

Portals:
Abyss: D:4

Annotations:
D:4 2 transporters, Zonian's ghost, weakling AtFi
D:6 Edmund; Grinder


Innate Abilities, Weirdness & Mutations

You have a pair of horns on your head.
You reflexively headbutt those who attack you in melee.


Message History

You slash the adder!
You kill the adder!
Unknown command.
Edmund shouts!
Unknown command.
You hit Edmund but do no damage.
Edmund changes into a glowing shapeshifter!
Edmund the glowing shapeshifter changes into a swamp dragon!
You barely miss Edmund. You headbutt Edmund!
Edmund is lightly wounded.
Edmund breathes poison at you. The blast of poison engulfs you!
You are poisoned.
You slash Edmund! You freeze Edmund.
Edmund is moderately wounded.
You are engulfed in poison gas.
You are more poisoned.
You feel very sick. You block Edmund's attack. Edmund claws you.
You block Edmund's attack.
You closely miss Edmund.
Edmund is moderately wounded.
You are engulfed in poison gas.
You are more poisoned.
You feel extremely sick. You block Edmund's attack. Edmund claws you.
Edmund tramples you but does no damage.
Grinder blinks!
You hit Edmund.
Edmund is moderately wounded.
You are engulfed in poison gas.
You are lethally poisoned!
* * * LOW HITPOINT WARNING * * *
You feel extremely sick. Edmund barely misses you. You block Edmund's attack.
Edmund closely misses you. x2
You furiously retaliate!
You headbutt Edmund! Edmund claws you but does no damage. Edmund tramples you.
* * * LOW HITPOINT WARNING * * *
You stumble backwards!
* * * LOW HITPOINT WARNING * * *
You feel very sick. Edmund attacks as it pursues you! Edmund bites you.
You die...

####.≈.......≈...........
...#.≈≈.≈≈≈≈≈≈...........
....... ...............#
...... ..............#
...#.# #.#.#...°.....#
...#.# #.#.#.5°......#
...#.# #...##°.°....##
##...# #.†..°D..>....#
#..### #.....@.......#
..## #.............#
#.#########.............#
........................#
.#.....####..###.......##
.#.#.........# ##.....##
##.##..#.....# #####.#
##.###(#.##..## .#
##.##....##....


You could see Edmund the swamp dragon shaped shifter and Grinder.

Vanquished Creatures
  Sigmund (D:6)
  A water moccasin (D:6)
  Duvessa (D:5)
  An ogre (D:5)
  A phantom (D:5)
  2 scorpions (D:5)
  Dowan (D:5)
  A jelly (D:4)
  6 hounds (D:5)
  3 orc priests (D:5)
  An iguana (D:5)
  Terence (D:2)
  An orc wizard (D:5)
  13 adders
  A shadow imp (D:6)
  3 worms
  A dart slug (D:5)
  12 orcs
  10 ball pythons
  8 endoplasms
  11 goblins
  12 hobgoblins
  7 jackals (D:2)
  2 quokkas
  9 bats
  A frilled lizard (D:2)
  9 kobolds
  3 rats
123 creatures vanquished.

Notes
Turn   | Place    | Note
-------+----------+-------------------------------------------
     0 | D:1      | soul19 the Minotaur Fighter began the quest for the Orb.
     0 | D:1      | Reached XP level 1. HP: 19/19 MP: 0/0
    51 | D:1      | Reached XP level 2. HP: 27/27 MP: 1/1
   748 | D:2      | Reached XP level 3. HP: 33/33 MP: 2/2
   922 | D:2      | Found a faded altar of an unknown god.
   929 | D:2      | Reached XP level 4. HP: 41/41 MP: 3/3
  1061 | D:2      | Noticed Terence
  1067 | D:2      | Killed Terence
  1068 | D:2      | Reached skill level 5 in Fighting
  1824 | D:3      | Reached XP level 5. HP: 48/48 MP: 4/4
  1870 | D:3      | Found a glowing silver altar of Zin.
  2284 | D:4      | Found a one-way gate to the infinite horrors of the Abyss.
  2284 | D:4      | Noticed Zonian's ghost (weakling AtFi)
  2329 | D:4      | Noticed a toenail golem
  2338 | D:4      | Found a transporter.
  2363 | D:4      | Found a transporter.
  2888 | D:5      | Entered Level 5 of the Dungeon
  2900 | D:5      | Reached skill level 5 in Axes
  2920 | D:5      | Reached XP level 6. HP: 57/57 MP: 5/5
  2982 | D:5      | Noticed Duvessa
  2984 | D:5      | Noticed Dowan
  2990 | D:5      | Killed Duvessa
  2991 | D:5      | Reached skill level 5 in Armour
  2996 | D:5      | Killed Dowan
  3269 | D:6      | Noticed Edmund
  3271 | D:6      | Noticed an ice beast
  3276 | D:6      | Found a shadowy altar of Dithmenos.
  3279 | D:6      | Noticed Grinder
  3297 | D:5      | Reached XP level 7. HP: 48/64 MP: 6/6
  3396 | D:5      | Found a shimmering altar of Xom.
  3757 | D:5      | Found a burning altar of Makhleb.
  3760 | D:5      | Reached XP level 8. HP: 74/74 MP: 7/7
  3936 | D:6      | Noticed Sigmund
  3944 | D:6      | Killed Sigmund
  4056 | D:6      | Paralysed by Grinder for 2 turns
  4061 | D:6      | Paralysed by Grinder for 2 turns
  4068 | D:6      | Edmund changed into Edmund the glowing shapeshifter
  4068 | D:6      | Noticed Edmund (glowing shapeshifter)
  4068 | D:6      | Edmund the glowing shapeshifter changed into Edmund the
                  | swamp dragon
  4068 | D:6      | Noticed Edmund (glowing shapeshifter)
  4073 | D:6      | HP: 1/75 [poisoned by Edmund (poison gas)]
  4073 | D:6      | Slain by Edmund the swamp dragon (glowing shapeshifter)

Illustrated notes

Levels and vault maps discovered:
D:1:      minmay_arrival_hallway, layout_basic, serial_bayou_crossing
D:2:      layout_loops_ring, shapermc_ecumenical_altar_gd,
          kennysheep_generic_room_12, uniq_terence
D:3:      kennysheep_big_flooded_room, layout_basic, zin_academy,
          minmay_misc_feat_enclosed, chequers_serial_rivers_micro_d
D:4:      layout_gridville, gammafunk_ghost_abyssal_escape
D:5:      layout_loops_ring, mainiacjoe_overflow_24_doors,
          makhleb_heckhound_becter, st_stairs_5, chequers_serial_rivers_micro_b,
          due_unseen_surprise, uniq_duvessa
D:6:      layout_rooms, tso_oasis_becter, mainiacjoe_overflow_brackets,
          kennysheep_mini_moat, uniq_edmund, uniq_sigmund, uniq_grinder

Skill      XL: |  1  2  3  4  5  6  7  8 |
---------------+-------------------------+-----
Fighting       | 4 5 6 8 |  8.6
Axes           | 3 4 5 6 7 8 |  8.0
Armour         | 4 5 6 |  6.5
Shields        | |  3.6

Action                     |  1- 3 |  4- 6 |  7- 9 || total
---------------------------+-------+-------+-------++-------
  Melee: War axe           |    59 |   124 |    72 ||   255
         Headbutt          |     9 |    20 |    12 ||    41
    Use: Scroll            |       |     4 |     5 ||     9
 Armour: Scale mail        |    30 |    59 |       ||    89
         Ring mail         |       |    34 |    49 ||    83
  Dodge: Dodged            |    25 |    37 |    19 ||    81
  Block: Buckler           |     3 |       |       ||     3
         Kite shield       |     9 |    72 |    39 ||   120

Table legend: (Time is in decaauts)
 A = Elapsed time spent in this place.
 B = Non-inter-level travel time spent in this place.
 C = Inter-level travel time spent in this place.
 D = Time resting spent in this place.
 E = Time spent auto-exploring this place.
 F = Levels seen in this place.
 G = Mean time per level.
                   A        B        C        D        E       F      G
               +--------+--------+--------+--------+--------+-----+--------+
         Total |   4175 |   4070 |    105 |      0 |   3250 |   6 |  695.8 |
       Dungeon |   4175 |   4070 |    105 |      0 |   3250 |   6 |  695.8 |
               +--------+--------+--------+--------+--------+-----+--------+

Top non-repeatable levels by time:
     D:5: 1048 daAuts
     D:2: 879 daAuts
     D:4: 805 daAuts
     D:1: 672 daAuts
     D:3: 602 daAuts
     D:6: 166 daAuts
